 Dungeon Sprint DCSS version 0.31-a0-424-g41b3b0883d (webtiles) character file.

Game seed: 6394163672310180020

4524 Conn the Thaumaturge (level 10, -1/56 HPs)
             Began as an Octopode Fire Elementalist on July 30, 2023.
             Was a High Priest of Sif Muna.
             Slain by a demonic crawler (13 damage)
             ... in the Dungeon (Sprint IV: "Fedhas' Mad Dash").
             The game lasted 00:13:39 (2615 turns).

Conn the Thaumaturge (Octopode Fire Elementalist)   Turns: 2615, Time: 00:13:40

Health: -1/56      AC:  1    Str:  7    XL:     10   Next: 39%
Magic:  3/28       EV: 13    Int: 22    God:    Sif Muna [*****.]
Gold:   62         SH:  5    Dex: 13    Spells: 11/38 levels left

rFire   . . .        k - +7 war axe of Calamity {freeze, Will+}
rCold   . . .        g - +0 buckler
rNeg    . . .        (helmet restricted)
rPois   .            h - amulet of invisibility {+Inv}
rElec   .            (no ring)
rCorr   .            (no ring)
SInv    .            (no ring)
Will    +....        (no ring)
Stlth   ++++         (no ring)
HPRegen 0.29/turn    (no ring)
MPRegen 0.21/turn    (no ring)
                     (no ring)

%: no teleportation
@: no status effects
A: almost no armour, amphibious, 8 rings, camouflage 1, gelatinous body 1,
(nimble swimmer 1), tentacles
a: Renounce Religion, Evoke Invisibility, Channel Magic, Forget Spell, Divine
Exegesis


You were in the Dungeon.
You worshipped Sif Muna.
Sif Muna was extremely pleased with you.
You visited 1 branch You collected 242 gold pieces.
You spent 180 gold pieces at shops.

Inventory:

Hand Weapons
 j - a +0 rapier
 k - the +7 war axe of Calamity (weapon) {freeze, Will+}
   (You found it in the Dungeon)

   Will:      It increases your willpower.
Armour
 g - a +0 buckler (worn)
Jewellery
 h - the amulet of invisibility (around mantle) {+Inv}
   (You found it in the Dungeon)

   [amulet of nothing]

   +Inv:      It lets you turn invisible.
Scrolls
 i - 2 scrolls of identify
Potions
 a - 3 potions of magic
 b - 2 potions of curing
 c - a potion of brilliance
 d - a potion of haste
 e - a potion of berserk rage
Miscellaneous
 l - a lightning rod (inert)


   Skills:
 - Level 4.0 Dodging
 - Level 4.4 Stealth
 - Level 5.4 Shields
 - Level 14.7 Spellcasting
 - Level 8.7 Conjurations
 - Level 2.7 Hexes
 - Level 12.1 Fire Magic
 + Level 8.2 Invocations
 - Level 3.0 Evocations


You had 11 spell levels left.
You knew the following spells:

 Your Spells              Type           Power      Damage    Failure   Level
a - Foxfire               Conj/Fire      100%       2x1d9     1%          1
b - Scorch                Fire           100%       2d9       1%          2
c - Inner Flame           Hex/Fire       48%        N/A       1%          3
d - Flame Wave            Conj/Fire      58%        2d14      1%          4
e - Summon Small Mammal   Summ           64%        N/A       5%          1
f - Mephitic Cloud        Conj/Pois/Air  29%        N/A       4%          3
g - Call Imp              Summ           32%        N/A       9%          2
h - Hailstorm             Conj/Ice       35%        3d9       2%          3
i - Fulminant Prism       Conj/Hex       20%        3d12      5%          4
j - Summon Ice Beast      Ice/Summ       16%        N/A       50%         4

Your spell library contained the following spells:

 Spells                   Type           Power      Damage    Failure   Level
 Magic Dart               Conj           100%       1d8       1%          1
 Volatile Blastmotes      Fire/Tloc      84%        2d17      1%          3
 Apportation              Tloc           32%        N/A       5%          1
 Necrotise                Necr           64%        1d7       5%          1
 Vampiric Draining        Necr           16%        2d7       17%         3
 Anguish                  Hex/Necr       11%        N/A       32%         4
 Leda's Liquefaction      Hex/Erth       11%        N/A       32%         4
 Agony                    Necr           16%        N/A       83%         5
 Simulacrum               Ice/Necr       8%         N/A       100%        6


Dungeon Overview and Level Annotations

Branches:
Dungeon (1/1)

Altars:
Cheibriados
Dithmenos
Elyvilon
Gozag
Hepliaklqana
Kikubaaqudgha
Makhleb
Nemelex Xobeh
Okawaru
Qazlal
Ru
Sif Muna
Trog
Uskayaw
Vehumet
Wu Jian
Xom
Yredelemnul
Zin
The Shining One
Jiyva
Lugonu

Shops:
D :*??


Innate Abilities, Weirdness & Mutations

You cannot wear most types of armour.
You are amphibious.
You can wear up to eight rings at the same time.
Your skin changes colour to match your surroundings (Stealth+).
Your rubbery body absorbs attacks. (AC +1, EV +1)
((You are camouflaged when in or above water. (Stealth+)))
You have tentacles for arms and can constrict up to eight enemies at once.


Message History

Aim: a cerulean imp, wielding a -3 spear (summoned, friendly, chance to affect: 83%)
Your cerulean imp barely resists.
Your cerulean imp hits the demonic crawler but does no damage.
Your foxfire dissipates!
Casting: Inner Flame (safe; 1% risk of failure)
Confirm with . or Enter, or press ? or * to list all spells.
Flames lash the demonic crawler.
Flame seeps out of the demonic crawler.
The demonic crawler is moderately wounded.
The demonic crawler's fire resistance burns away.
The demonic crawler is engulfed in blazing flames.
Flame seeps out of the demonic crawler.
The demonic crawler barely misses your cerulean imp.
The demonic crawler closely misses your cerulean imp.
The demonic crawler hits your cerulean imp.
Your cerulean imp completely misses the demonic crawler.
Unknown command.
Unknown command.
The demonic crawler hits your cerulean imp!
The demonic crawler barely misses your cerulean imp.
The demonic crawler hits your cerulean imp.
Your cerulean imp dies!
Your cerulean imp disappears in a puff of smoke!
Unknown command.
Unknown command.
Casting: Scorch (safe; 1% risk of failure)
Confirm with . or Enter, or press ? or * to list all spells.
Flames lash the demonic crawler.
The demonic crawler is burned terribly!
Flame seeps out of the demonic crawler.
The demonic crawler is heavily wounded.
The demonic crawler is engulfed in blazing flames.
Flame seeps out of the demonic crawler.
Aiming: Thunderbolt
Press: ? - help, Shift-Dir - straight line The thunderbolt hits the demonic crawler!
Flame seeps out of the demonic crawler.
The demonic crawler is almost dead.
The lightning rod overheats!
The demonic crawler hits you!
* * * LOW HITPOINT WARNING * * *
The demonic crawler hits you!
You die...

#################################
....#.⌠._._._._.⌠.#.)[...#....##∩
#...'.._._._._._..'..#...#....'..
#...#..._._._._...#..###'##...##∩
##'##.._._._._._..#.[##∩∩.'...###
'...#._._._._._.⌠.#############
#...###################.....(###
#####....♣..♣.###.§○§'§...§..'.+
#..'..)...♣...##@s#..#.P.....###
...#.....♣.♣..###.##+##.P....#
...#.♣♣.(♣....'...# ########
###################


You could see a demonic crawler (inner flame, combustible).

Vanquished Creatures
  A spriggan druid (D)
  6 oklob plants (D)
  3 wandering mushrooms (D)
  3 burning bushes (D)
  A queen bee (D)
  A nameless horror (D)
  3 scorpions (D)
  4 killer bees (D)
  5 oklob saplings (D)
  2 spriggans (D)
  A river rat (D)
  A rat (D)
  A ballistomycete spore (D)
32 creatures vanquished.

Vanquished Creatures (collateral kills)
  2 foxfires (D)
2 creatures vanquished.

Vanquished Creatures (others)
  46 foxfires (D)
46 creatures vanquished.

Grand Total: 80 creatures vanquished

Notes
Turn   | Place    | Note
-------+----------+-------------------------------------------
     0 | D        | Conn the Octopode Fire Elementalist began the quest for the
                  | Orb.
     0 | D        | Reached XP level 1. HP: 11/11 MP: 3/3
    17 | D        | Reached XP level 2. HP: 7/17 MP: 0/5
    81 | D        | Learned a level 2 spell: Scorch
    81 | D        | Noticed an oklob sapling
    83 | D        | Killed an oklob sapling
    84 | D        | Reached skill level 3 in Spellcasting
    84 | D        | Reached skill level 5 in Fire Magic
    84 | D        | Reached XP level 3. HP: 21/21 MP: 1/8
   150 | D        | Learned a level 3 spell: Inner Flame
   151 | D        | Noticed a scorpion
   151 | D        | Found the amulet of invisibility {+Inv}
   153 | D        | Killed a scorpion
   154 | D        | Reached skill level 4 in Spellcasting
   154 | D        | Reached XP level 4. HP: 27/27 MP: 4/10
   206 | D        | Found an opulent altar of Gozag.
   206 | D        | Found a hazy altar of Hepliaklqana.
   206 | D        | Found a burning altar of Makhleb.
   206 | D        | Found a sparkling altar of Nemelex Xobeh.
   206 | D        | Found a snail-covered altar of Cheibriados.
   206 | D        | Found a sacrificial altar of Ru.
   206 | D        | Found a shimmering blue altar of Sif Muna.
   206 | D        | Found a shimmering altar of Xom.
   206 | D        | Found a basalt altar of Yredelemnul.
   207 | D        | Found a viscous altar of Jiyva.
   207 | D        | Found a bloodstained altar of Trog.
   207 | D        | Found an ornate altar of the Wu Jian Council.
   207 | D        | Noticed an oklob sapling priest
   208 | D        | Found an iron altar of Okawaru.
   208 | D        | Found a shadowy altar of Dithmenos.
   208 | D        | Found a glowing silver altar of Zin.
   209 | D        | Found an ancient bone altar of Kikubaaqudgha.
   209 | D        | Found a hide-covered altar of Uskayaw.
   216 | D        | Killed an oklob sapling priest
   217 | D        | Reached skill level 1 in Shields
   217 | D        | Reached skill level 5 in Spellcasting
   217 | D        | Reached XP level 5. HP: 31/31 MP: 2/12
   217 | D        | Found a stormy altar of Qazlal.
   217 | D        | Found a glowing golden altar of the Shining One.
   217 | D        | Found a white marble altar of Elyvilon.
   218 | D        | Found a radiant altar of Vehumet.
   218 | D        | Found a corrupted altar of Lugonu.
   220 | D        | Became a worshipper of Sif Muna the Loreminder
   295 | D        | Learned a level 4 spell: Flame Wave
   304 | D        | Reached skill level 1 in Evocations
   363 | D        | Reached * piety under Sif Muna
   364 | D        | Reached skill level 6 in Spellcasting
   384 | D        | Reached XP level 6. HP: 36/36 MP: 0/15
   515 | D        | Found Ighid's Assorted Antiques.
   515 | D        | Found Opluit's Book Emporium.
   524 | D        | Noticed a burning bush
   524 | D        | Noticed a wandering mushroom
   537 | D        | Killed a wandering mushroom
   538 | D        | Reached skill level 8 in Spellcasting
   538 | D        | Reached skill level 5 in Conjurations
   538 | D        | Reached skill level 1 in Hexes
   538 | D        | Reached XP level 7. HP: 10/41 MP: 5/18
   658 | D        | Noticed a wandering mushroom
   661 | D        | Reached ** piety under Sif Muna
   662 | D        | Killed a wandering mushroom
   663 | D        | Reached skill level 5 in Shields
   663 | D        | Reached skill level 9 in Spellcasting
   884 | D        | Killed a burning bush
   885 | D        | Reached skill level 10 in Spellcasting
   885 | D        | Reached XP level 8. HP: 46/46 MP: 5/22
   892 | D        | Found Vomikoann's Magic Scroll Emporium.
   892 | D        | Found Defru's Magic Scroll Shoppe.
   896 | D        | Identified the +7 war axe of Calamity {freeze, Will+}
  1045 | D        | Noticed a queen bee
  1051 | D        | Reached *** piety under Sif Muna
  1052 | D        | Killed a queen bee
  1053 | D        | Reached skill level 11 in Spellcasting
  1053 | D        | Reached skill level 10 in Fire Magic
  1149 | D        | Noticed an oklob plant
  1157 | D        | Killed an oklob plant
  1157 | D        | Reached **** piety under Sif Muna
  1158 | D        | Reached skill level 12 in Spellcasting
  1158 | D        | Reached XP level 9. HP: 51/51 MP: 8/25
  1171 | D        | Noticed a burning bush
  1178 | D        | Killed a burning bush
  1309 | D        | Noticed a burning bush
  1309 | D        | Noticed an oklob plant
  1387 | D        | Noticed a wandering mushroom
  1393 | D        | Killed a wandering mushroom
  1482 | D        | Killed a burning bush
  1483 | D        | Reached skill level 13 in Spellcasting
  1620 | D        | Killed an oklob plant
  1838 | D        | Noticed a spriggan druid
  1841 | D        | Killed a spriggan druid
  1841 | D        | Reached ***** piety under Sif Muna
  1842 | D        | Reached skill level 14 in Spellcasting
  1842 | D        | Reached XP level 10. HP: 28/56 MP: 18/28
  1981 | D        | Killed an oklob plant conjurer
  1990 | D        | Learned a level 1 spell: Summon Small Mammal
  2177 | D        | Bought a book of Minor Magic for 180 gold pieces
  2183 | D        | Learned a level 3 spell: Mephitic Cloud
  2186 | D        | Learned a level 2 spell: Call Imp
  2250 | D        | Noticed an oklob plant
  2250 | D        | Noticed an oklob plant summoner
  2289 | D        | Noticed an oklob plant shifter
  2297 | D        | Killed an oklob plant
  2298 | D        | Reached skill level 5 in Invocations
  2303 | D        | Killed an oklob plant summoner
  2303 | D        | Received a gift from Sif Muna
  2412 | D        | Killed an oklob plant shifter
  2427 | D        | Got Irghof's Parchment of Ill-starred Hoarfrost {god gift}
  2436 | D        | Learned a level 3 spell: Hailstorm
  2441 | D        | Learned a level 4 spell: Fulminant Prism
  2446 | D        | Learned a level 4 spell: Summon Ice Beast
  2470 | D        | Noticed a nameless horror
  2475 | D        | Killed a nameless horror
  2595 | D        | Noticed a demonic crawler
  2615 | D        | Slain by a demonic crawler

Illustrated notes

Levels and vault maps discovered:
D:        dungeon_sprint_fedhas [sprint_temple]

Skill      XL: |  1  2  3  4  5  6  7  8  9 10 |
---------------+-------------------------------+-----
Stealth        | 3 4 |  4.4
Fire Magic     | 4 5 6 7 8 9 10 12 | 12.1
Spellcasting   | 3 4 5 6 8 10 12 14 | 14.7
Conjurations   | 2 3 4 5 6 7 8 |  8.7
Dodging        | 3 4 |  4.0
Shields        | 1 3 4 5 |  5.4
Evocations     | 2 3 |  3.0
Hexes          | 1 2 |  2.7
Invocations    | 8 |  8.2

Action                     |  1- 3 |  4- 6 |  7- 9 | 10-12 || total
---------------------------+-------+-------+-------+-------++-------
  Melee: Unarmed           |     7 |       |       |       ||     7
         Tentacles         |     3 |       |       |       ||     3
         Constrict         |     1 |       |       |       ||     1
   Cast: Foxfire           |     4 |    14 |     1 |     8 ||    27
         Scorch            |     4 |     4 |    54 |    22 ||    84
         Inner Flame       |       |     5 |     2 |     7 ||    14
         Flame Wave        |       |     1 |     7 |     5 ||    13
         Summon Small Mamm |       |       |       |     5 ||     5
         Call Imp          |       |       |       |     3 ||     3
         Summon Ice Beast  |       |       |       |     1 ||     1
Ability: Evoke Invisibilit |       |     3 |     4 |     3 ||    10
  Evoke: Lightning rod     |       |       |       |     4 ||     4
    Use: Potion            |       |       |     1 |       ||     1
         Scroll            |       |       |     1 |     1 ||     2
  Dodge: Dodged            |     3 |     3 |     6 |     4 ||    16
  Block: Buckler           |       |       |     3 |     1 ||     4

Table legend: (Time is in decaauts)
 A = Elapsed time spent in this place.
 B = Non-inter-level travel time spent in this place.
 C = Inter-level travel time spent in this place.
 D = Time resting spent in this place.
 E = Time spent auto-exploring this place.
 F = Levels seen in this place.
 G = Mean time per level.
                   A        B        C        D        E       F      G
               +--------+--------+--------+--------+--------+-----+--------+
         Total |   2614 |   2614 |      0 |   1841 |      0 |   1 | 2614.0 |
       Dungeon |   2614 |   2614 |      0 |   1841 |      0 |   1 | 2614.0 |
               +--------+--------+--------+--------+--------+-----+--------+

Top non-repeatable levels by time:
       D: 2614 daAuts
